 Dungeon Crawl Stone Soup version 0.19-a0-1895-g783e625 (console) character file.

2204 ChaseSP the Impaler (level 9, 0/91 HPs)
             Began as a Merfolk Gladiator on Oct 18, 2016.
             Was a Priest of Okawaru.
             Slain by smee's ghost (6 damage)
             ... on level 6 of the Dungeon.
             The game lasted 00:16:45 (6738 turns).

ChaseSP the Impaler (Merfolk Gladiator)             Turns: 6738, Time: 00:16:45

Health: 0/91       AC: 24    Str: 16    XL:     9   Next: 34%
Magic:  8/9        EV:  2    Int:  7    God:    Okawaru [***...]
Gold:   204        SH:  0    Dex: 19    Spells: 0 memorised, 8 levels left

rFire  + . .     SeeInvis .     a - +0 halberd
rCold  . . .     Gourm    .     (armour currently unavailable)
rNeg   + + +     Faith    .     (shield currently unavailable)
rPois  +         Spirit   .     (helmet currently unavailable)
rElec  .         Reflect  .     (cloak currently unavailable)
rCorr  .         Harm     .     (gloves currently unavailable)
MR     .....     NoTele   +     (boots currently unavailable)
Stlth  +++.......               (no amulet)
                                b - ring of protection from fire
                                y - ring of stealth

@: tree-form
A: (change form in water), (swift swim), (stealthy swim), (yellow scales 0),
agile 1
a: Heroism, Renounce Religion


You were on level 6 of the Dungeon.
You worshipped Okawaru.
Okawaru was most pleased with you.
You were hungry.
You were a tree.
You visited 1 branch of the dungeon, and saw 6 of its levels.

You collected 204 gold pieces.

Inventory:

Hand Weapons
 a - a +0 halberd (weapon)
Missiles
 d - 2 throwing nets (quivered)
Armour
 c - a +0 helmet (melded)
 w - a +0 cloak (melded)
 A - a +0 chain mail (melded)
Jewellery
 b - a ring of protection from fire (right branch)
 y - a ring of stealth (left branch)
Wands
 q - a wand of slowing (43/48)
 t - a wand of flame (18/48)
Scrolls
 e - a scroll of immolation {unknown}
 g - a scroll of blinking {unknown}
 i - 3 scrolls of fog {unknown}
 l - 2 scrolls of remove curse {unknown}
 m - 2 scrolls of random uselessness {unknown}
 n - a scroll of enchant armour {unknown}
 p - a scroll of magic mapping {unknown}
 r - 3 scrolls of recharging
 s - a scroll of amnesia {unknown}
 C - a scroll of teleportation {unknown}
 E - a scroll of identify
 F - a scroll of enchant weapon {unknown}
Potions
 h - a potion of ambrosia {unknown}
 k - a potion of cure mutation {unknown}
 o - a potion of agility
 u - a potion of invisibility {unknown}
 v - 2 potions of resistance
 z - a potion of might
Comestibles
 f - 5 bread rations
 j - 3 meat rations
 x - 2 royal jellies
 D - 3 chunks of flesh


   Skills:
 - Level 2.1 Fighting
 - Level 16.3 Polearms
 - Level 2.0 Throwing
 * Level 0.7 Armour
 - Level 4.0 Dodging


You had 8 spell levels left.
You didn't know any spells.

Dungeon Overview and Level Annotations

Branches:
Dungeon (6/15)             Temple (0/1) D:4

Altars:
Ashenzari
Cheibriados
Makhleb
Okawaru
Qazlal
Yredelemnul
The Shining One

Shops:
D:4 (

Annotations:
D:6 smee's ghost, novice DsFi


Innate Abilities, Weirdness & Mutations

((You revert to your normal form in water.))
((You are very nimble and swift while swimming.))
((You are very stealthy in the water. (Stealth+)))
((You are partially covered in yellow scales. (AC +2)))
You are agile. (Dex +2)


Message History

* * * LOW HITPOINT WARNING * * *
You hit smee's ghost.
Smee's ghost is heavily damaged.
You hit smee's ghost but do no damage.
Smee's ghost is heavily damaged.
Smee's ghost hits you.
* * * LOW HITPOINT WARNING * * *
You hit smee's ghost but do no damage.
Smee's ghost is heavily damaged.
You are feeling hungry.
Smee's ghost hits you but does no damage.
You hit smee's ghost.
Smee's ghost is heavily damaged.
You feel like a meek peon again.
A kobold comes into view. It is wielding a dagger.
The kobold shouts!
You hit smee's ghost.
Smee's ghost is heavily damaged.
Smee's ghost hits you.
You die...

# .##.###########
..............#
.........K...K.
#### #.....K# ##≈≈≈
######W# #.##≈
##♣## #.###
####...# #.# #
#....#.# #.#
#.##..(# #.#
#.###.## #.#
#.###.# #.#
###.....# #.#
#######.......## .#
#.#
...............##.#
#.#


You could see smee's ghost and 2 kobolds.

Vanquished Creatures
  Grinder (D:5)
  A hornet (D:4)
  Sigmund (D:5)
  Eustachio (D:5)
  Menkaure (D:5)
  Duvessa (D:5)
  A sky beast (D:6)
  2 phantoms
  2 ogres
  Blork the orc (D:5)
  A bullfrog (D:6)
  Dowan (D:5)
  2 scorpions (D:6)
  A centaur zombie (D:6)
  A jelly (D:6)
  2 orc priests
  3 orc wizards
  An iguana (D:4)
  A worker ant (D:3)
  10 gnolls
  A howler monkey skeleton (D:4)
  6 adders
  An adder skeleton (D:4)
  3 worms
  6 leopard geckos
  23 orcs
  14 bats
  3 giant cockroaches
  8 goblins
  7 hobgoblins
  8 jackals (D:4)
  4 quokkas
  6 frilled lizards
  5 kobolds
  3 quokka skeletons
  6 rats
139 creatures vanquished.

Notes
Turn   | Place    | Note
-------+----------+-------------------------------------------
     0 | D:1      | ChaseSP the Merfolk Gladiator began the quest for the Orb.
     0 | D:1      | Reached XP level 1. HP: 16/16 MP: 1/1
    63 | D:1      | Reached skill level 5 in Polearms
    91 | D:1      | Reached XP level 2. HP: 22/22 MP: 2/2
   712 | D:2      | Reached XP level 3. HP: 27/27 MP: 3/3
   748 | D:2      | Reached skill level 6 in Polearms
  1046 | D:2      | Reached skill level 7 in Polearms
  1046 | D:2      | Reached XP level 4. HP: 28/33 MP: 4/4
  1271 | D:3      | Found a snail-covered altar of Cheibriados.
  1696 | D:3      | Reached skill level 8 in Polearms
  1696 | D:3      | Reached XP level 5. HP: 29/38 MP: 5/5
  1726 | D:3      | Found an iron altar of Okawaru.
  1737 | D:3      | Became a worshipper of Warmaster Okawaru
  1747 | D:3      | Found a basalt altar of Yredelemnul.
  1747 | D:3      | Found a glowing golden altar of the Shining One.
  1758 | D:3      | Found a shattered altar of Ashenzari.
  1762 | D:3      | Found a burning altar of Makhleb.
  2202 | D:3      | Reached skill level 9 in Polearms
  2748 | D:4      | Reached XP level 6. HP: 27/44 MP: 6/6
  2948 | D:4      | Noticed a phantom
  2992 | D:4      | Killed a phantom
  2992 | D:4      | Reached skill level 10 in Polearms
  3328 | D:4      | Noticed a hornet
  3339 | D:4      | Found an iron altar of Okawaru.
  3360 | D:4      | Reached * piety under Okawaru
  3360 | D:4      | Reached XP level 7. HP: 17/50 MP: 7/7
  3373 | D:4      | Reached skill level 11 in Polearms
  3790 | D:4      | Found Etap's Weapon Emporium.
  4274 | D:4      | Found a staircase to the Ecumenical Temple.
  4406 | D:4      | Paralysed by a hornet for 2 turns
  4409 | D:4      | Killed a hornet
  4409 | D:4      | Reached skill level 12 in Polearms
  4733 | D:5      | Entered Level 5 of the Dungeon
  4750 | D:5      | Noticed Blork the orc
  4777 | D:5      | Killed Blork the orc
  4862 | D:5      | Reached XP level 8. HP: 56/56 MP: 8/8
  4914 | D:5      | Noticed Grinder
  4924 | D:5      | Killed Grinder
  4924 | D:5      | Reached ** piety under Okawaru
  4924 | D:5      | Reached skill level 13 in Polearms
  5045 | D:5      | Found a stormy altar of Qazlal.
  5190 | D:5      | Noticed Sigmund
  5198 | D:5      | Killed Sigmund
  5198 | D:5      | Reached skill level 14 in Polearms
  5279 | D:5      | Noticed Menkaure
  5283 | D:5      | Killed Menkaure
  5301 | D:5      | Noticed Eustachio
  5324 | D:5      | Killed Eustachio
  5579 | D:5      | Reached skill level 15 in Polearms
  6017 | D:5      | Noticed Duvessa
  6018 | D:5      | Noticed Dowan
  6024 | D:5      | Killed Duvessa
  6040 | D:5      | Killed Dowan
  6040 | D:5      | Reached XP level 9. HP: 54/61 MP: 9/9
  6255 | D:6      | Reached *** piety under Okawaru
  6354 | D:6      | Reached skill level 16 in Polearms
  6365 | D:6      | Gained mutation: You are agile. (Dex +2) [mutagenic meat]
  6368 | D:6      | Gained mutation: You are partially covered in yellow scales. (AC +2) [mutagenic meat]
  6723 | D:6      | Noticed smee's ghost (novice DsFi)
  6738 | D:6      | Slain by smee's ghost

Vault maps used:
D:1:      erik_arrival_triangle_small
D:2:      first_bread
D:3:      minmay_overflow_temple_star_hex, nicolae_overflow_crystal_walls
D:4:      serial_shops, shop, okawaru_trees_2
D:5:      grunt_qazlal_clouds, uniq_eustachio, uniq_sigmund, uniq_blork_the_orc,
          uniq_duvessa, uniq_menkaure, uniq_grinder
D:6:      cheibrodos_thug_alley, hangedman_decor_opposing

Skill      XL: |  1  2  3  4  5  6  7  8  9 |
---------------+----------------------------+-----
Polearms       | 5 7 8 9 10 12 15 16 | 16.3
Fighting       | |  2.1
Throwing       | |  2.0
Armour         | |  0.7
Dodging        | |  4.0

Action                   |  1- 3 |  4- 6 |  7- 9 || total
-------------------------+-------+-------+-------++-------
Melee: Trident           |   114 |   229 |       ||   343
       Halberd           |       |     9 |   302 ||   311
Throw: Throwing net      |     1 |     2 |     2 ||     5
Invok: Heroism           |       |       |     3 ||     3
Evoke: Wand              |       |       |     6 ||     6
  Use: Scroll            |       |     1 |     4 ||     5
       Potion            |       |       |     5 ||     5
 Stab: Sleeping          |     2 |       |       ||     2
       Held in net/web   |     2 |       |     1 ||     3
  Eat: Chunk             |     1 |     6 |    12 ||    19
       Beef jerky        |       |       |     1 ||     1
Armor: Leather armour    |    20 |    11 |       ||    31
       Ring mail         |       |    43 |     8 ||    51
       Chain mail        |       |       |    95 ||    95
       Skin              |       |       |     1 ||     1
Dodge: Dodged            |    49 |   127 |    60 ||   236
